 Dungeon Crawl Stone Soup version 0.24-a0-170-gd8427f5 (webtiles) character file.

Game seed: 1576691615809013469

15139 XanderDroid the Cleaver (level 11, -6/102 HPs)
             Began as a Minotaur Berserker on Mar 7, 2019.
             Was the Champion of Trog.
             Killed from afar by a gargoyle (21 damage)
             ... with a stone arrow
             ... on level 11 of the Dungeon on Mar 8, 2019.
             The game lasted 00:32:21 (11481 turns).

XanderDroid the Cleaver (Minotaur Berserker)       Turns: 11481, Time: 00:32:22

Health: -6/102     AC: 20    Str: 30    XL:     11   Next: 97%
Magic:  10/10      EV: 12    Int:  4    God:    Trog [******]
Gold:   245        SH:  0    Dex: 11    Spells: 10/10 levels left

rFire    + . .     SeeInvis .   a - +1 executioner's axe (elec)
rCold    . . .     Gourm    .   (shield currently unavailable)
rNeg     . . .     Faith    .   D - +0 plate armour
rPois    .         Spirit   .   v - +2 hat
rElec    .         Reflect  .   (no cloak)
rCorr    .         Harm     .   w - +1 pair of gloves
MR       .....                  y - +0 pair of boots of Indemnity {rF+ Str+6}
Stlth    ..........             (no amulet)
HPRegen  0.27/turn              (no ring)
MPRegen  0.12/turn              (no ring)

@: no status effects
A: retaliatory headbutt, horns 2
a: Berserk, Trog's Hand, Brothers in Arms, Renounce Religion


You were on level 11 of the Dungeon.
You worshipped Trog.
Trog was exalted by your worship.
You were not hungry.

You visited 2 branches of the dungeon, and saw 12 of its levels.

You collected 382 gold pieces.
You spent 137 gold pieces at shops.

Inventory:

Hand Weapons
 a - a +1 executioner's axe of electrocution (weapon)
 b - the +5 spear of Jec Ceo {flame, rElec MR+ Str-2}
   (You found it on level 6 of the Dungeon)

   It has been specially enchanted to burn those struck by it, causing extra
   injury to most foes and up to half again as much damage against particularly
   susceptible opponents.
   It affects your strength (-2).
   It insulates you from electricity.
   It affects your resistance to hostile enchantments.
 d - the +5 broad axe "Bonogg" {chop, rC++}
   (Trog gifted it to you on level 11 of the Dungeon)

   It inflicts extra damage upon your enemies.
   It greatly protects you from cold.
Armour
 v - a +2 hat (worn)
 w - a +1 pair of gloves (worn)
 y - the +0 pair of boots of Indemnity (worn) {rF+ Str+6}
   (You found it on level 8 of the Dungeon)

   It affects your strength (+6).
   It protects you from fire.
 D - a +0 plate armour (worn)
Wands
 p - a wand of iceblast (6)
 B - a wand of digging (3)
Scrolls
 e - a scroll of random uselessness {unknown}
 h - 2 scrolls of teleportation
 i - a scroll of enchant weapon
 j - 2 scrolls of identify
 m - 3 scrolls of remove curse
 n - a scroll of enchant armour
 o - 2 scrolls of immolation
 r - a scroll of magic mapping
 t - a scroll of blinking
 F - a scroll of acquirement {unknown}
 G - a scroll of silence {unknown}
Potions
 f - a potion of magic {unknown}
 g - 2 potions of haste
 k - 3 potions of lignification
 q - 3 potions of heal wounds
 s - a potion of mutation {unknown}
 u - 5 potions of curing
 x - 2 potions of resistance
 z - 2 potions of invisibility
 C - a potion of berserk rage {unknown}
 H - a potion of flight {unknown}
Comestibles
 c - 20 rations


   Skills:
 + Level 11.0 Fighting
 * Level 14.5 Axes
 + Level 10.7 Armour
 + Level 9.9 Dodging


You had 10 spell levels left.
You didn't know any spells.
Your spell library was empty.

Dungeon Overview and Level Annotations

Branches:
Dungeon (11/15)            Temple (1/1) D:7            Lair (0/6) D:9
    Orc (0/2) D:9

Altars:
Ashenzari
Cheibriados
Dithmenos
Elyvilon
Fedhas
Gozag
Hepliaklqana
Kikubaaqudgha
Makhleb
Nemelex Xobeh
Okawaru
Qazlal
Ru
Sif Muna
Trog
Uskayaw
Vehumet
Wu Jian
Xom
Yredelemnul
Zin
The Shining One

Shops:
D:9 :}*[


Innate Abilities, Weirdness & Mutations

You reflexively headbutt those who attack you in melee.
You have a pair of horns on your head.


Message History

An ogre comes into view. It is wielding a +0 giant club.
The ogre shouts!
The crimson imp misses you. The crimson imp barely misses you.
You closely miss the crimson imp. You headbutt the crimson imp.
The crimson imp is moderately wounded.
The crimson imp closely misses you. You furiously retaliate!
You headbutt the crimson imp. You hit the crimson imp.
Lightning courses through the crimson imp!
You kill the crimson imp!
Trog accepts your kill.
The gargoyle hurls a stone arrow at you.
The stone arrow hits you but does no damage.
The gargoyle hurls a stone arrow at you.
The stone arrow hits you!
* * * LOW HITPOINT WARNING * * *
The gargoyle hurls a stone arrow at you.
The stone arrow hits you!!
You die...

###
#######.#
#..O9.O.#
#.#####9#
#.# #.# #9#
#.# #.# #.#
#O# #@# #.#
#.#
####.#####.#
.)........>#
######....##
..........#
..........#
........#.#
........#.#


You could see a gargoyle and an ogre.

Vanquished Creatures
  2 death knights
  2 two-headed ogres
  A skeletal warrior (D:11)
  An ugly thing (D:11)
  A slime creature (D:6)
  A troll (D:11)
  A queen bee (D:8)
  Grinder (D:3)
  4 hippogriffs
  3 wraiths
  6 yaks (D:10)
  A wyvern (D:10)
  Grum (D:9)
  2 hungry ghosts
  Menkaure (D:7)
  2 wargs (D:9)
  Edmund (D:5)
  A water moccasin (D:11)
  13 orc warriors
  4 ice beasts
  2 phantoms
  2 black bears
  8 ogres
  A necrophage (D:4)
  3 wolves (D:9)
  2 crocodiles
  2 centaurs
  A gnoll sergeant (D:11)
  7 bullfrogs
  A water moccasin zombie (D:6)
  A wyvern skeleton (D:10)
  6 scorpions
  3 wights (D:10)
  19 killer bees
  2 electric eels (D:9)
  A howler monkey (D:4)
  3 crimson imps
  A bullfrog zombie (D:9)
  2 quasits
  4 jellies
  3 centaur zombies
  4 hounds
  11 orc priests
  A bullfrog skeleton (D:6)
  2 centaur skeletons
  2 iguanas
  19 orc wizards
  10 worker ants
  2 hound skeletons (D:5)
  A worker ant zombie (D:10)
  13 adders
  3 adder skeletons
  A worm (D:2)
  2 dart slugs
  8 leopard geckos
  49 orcs
  4 giant cockroaches
  5 hobgoblins
  7 jackals
  7 kobolds
  7 quokkas
  2 ball pythons
  7 bats
  A giant cockroach zombie (D:6)
  11 goblins
  A leopard gecko skeleton (D:6)
  8 rats
311 creatures vanquished.

Notes
Turn   | Place    | Note
-------+----------+-------------------------------------------
     0 | D:1      | XanderDroid the Minotaur Berserker began the quest for the
                  | Orb.
     0 | D:1      | Reached XP level 1. HP: 19/19 MP: 0/0
    94 | D:1      | Reached XP level 2. HP: 19/27 MP: 1/1
   110 | D:1      | Reached skill level 4 in Axes
   385 | D:1      | Reached ** piety under Trog
   385 | D:1      | Reached XP level 3. HP: 33/33 MP: 2/2
   675 | D:2      | Found a stormy altar of Qazlal.
  1264 | D:2      | Upgraded the game from 0.24-a0-169-g71aafec to
                  | 0.24-a0-170-gd8427f5
  1286 | D:3      | Reached XP level 4. HP: 40/40 MP: 3/3
  1309 | D:3      | Noticed Grinder
  1318 | D:3      | Paralysed by Grinder for 7 turns
  1328 | D:3      | Killed Grinder
  1328 | D:3      | Reached skill level 5 in Axes
  1328 | D:3      | Reached XP level 5. HP: 17/47 MP: 4/4
  1328 | D:3      | Reached XP level 6. HP: 20/55 MP: 5/5
  1573 | D:3      | Reached skill level 6 in Axes
  1635 | D:3      | Reached skill level 5 in Fighting
  1980 | D:3      | Reached *** piety under Trog
  2295 | D:4      | Found a sparkling altar of Nemelex Xobeh.
  2387 | D:4      | Reached XP level 7. HP: 60/61 MP: 6/6
  2583 | D:4      | Found the +5 robe of Night {Dark MR+ SInv}
  2763 | D:4      | Found a bloodstained altar of Trog.
  2942 | D:5      | Entered Level 5 of the Dungeon
  3027 | D:5      | Reached skill level 7 in Axes
  3174 | D:5      | Reached skill level 5 in Armour
  3194 | D:5      | Noticed Edmund
  3403 | D:5      | Killed Edmund
  3403 | D:5      | Reached XP level 8. HP: 57/70 MP: 7/7
  3438 | D:5      | Reached skill level 8 in Axes
  3601 | D:5      | Reached skill level 5 in Dodging
  3646 | D:5      | You fall through a shaft for 2 floors!
  3804 | D:6      | Reached **** piety under Trog
  4025 | D:6      | Reached skill level 9 in Axes
  4626 | D:6      | Found a large runed translucent door.
  4626 | D:6      | Found a large runed translucent door.
  4627 | D:6      | Noticed a slime creature
  4669 | D:6      | Reached XP level 9. HP: 71/79 MP: 8/8
  4761 | D:6      | Reached skill level 10 in Axes
  4814 | D:6      | Got a smoking mace
  5061 | D:6      | Found a large runed translucent door.
  5062 | D:6      | Found a large runed translucent door.
  5131 | D:6      | Got a smoking spear
  5290 | D:6      | Reached ***** piety under Trog
  5306 | D:6      | Got a scorched whip
  5323 | D:6      | Identified the +9 mace of Qihyof {pain, Dex+5} (You found
                  | it on level 6 of the Dungeon)
  5326 | D:6      | Identified the +5 spear of Jec Ceo {flame, rElec MR+ Str-2}
                  | (You found it on level 6 of the Dungeon)
  5327 | D:6      | Identified the +4 whip of Kaacoc {slash, MR+ Str+5} (You
                  | found it on level 6 of the Dungeon)
  5513 | D:7      | Noticed Menkaure
  5520 | D:7      | Killed Menkaure
  5684 | D:7      | Reached skill level 11 in Axes
  5864 | D:7      | Found a staircase to the Ecumenical Temple.
  5880 | Temple   | Entered the Ecumenical Temple
  6267 | D:8      | Found the +10 zealot's sword {holy, *Rage rN+ EV+3}
  6362 | D:8      | Reached XP level 10. HP: 77/90 MP: 9/9
  6499 | D:8      | Got a pair of jewelled boots
  6505 | D:8      | Identified the +0 pair of boots of Indemnity {rF+ Str+6}
                  | (You found it on level 8 of the Dungeon)
  6547 | D:8      | Found a shadowy altar of Dithmenos.
  6647 | D:8      | Received a gift from Trog
  7169 | D:8      | Reached skill level 12 in Axes
  7314 | D:9      | Found a glowing golden altar of the Shining One.
  7314 | D:9      | Found a sacrificial altar of Ru.
  7363 | D:9      | Found Pifen's Gadget Boutique.
  7395 | D:9      | Noticed Grum
  7408 | D:9      | Killed Grum
  7662 | D:9      | Found a staircase to the Lair.
  7703 | D:9      | Found a burning altar of Makhleb.
  7715 | D:9      | Found Xasist Jeka's Antique Armour Shop.
  7975 | D:9      | Found Yruucyc's Book Shoppe.
  8014 | D:9      | Found a glowing silver altar of Zin.
  8017 | D:9      | Noticed an angel
  8020 | D:9      | Found a shimmering altar of Xom.
  8090 | D:9      | Noticed a two-headed ogre
  8098 | D:9      | Killed a two-headed ogre
  8098 | D:9      | Reached XP level 11. HP: 99/99 MP: 10/10
  8140 | D:9      | Found Xiraeb's Assorted Antiques.
  8148 | D:9      | Bought a scroll labeled JEDUIMETZU for 28 gold pieces
  8148 | D:9      | Bought a scroll labeled YGGOOZUKEM for 28 gold pieces
  8148 | D:9      | Bought a scroll labeled FIBLICH KO BEJ for 28 gold pieces
  8148 | D:9      | Bought a scroll labeled YTADGH ZUTSEWUHAJ for 28 gold
                  | pieces
  8492 | D:9      | Reached skill level 13 in Axes
  8513 | D:9      | Found a staircase to the Orcish Mines.
  8638 | D:9      | Bought a lumpy sapphire potion for 25 gold pieces
  8672 | D:10     | Entered Level 10 of the Dungeon
  8865 | D:10     | Reached skill level 10 in Fighting
  9096 | D:10     | Reached ****** piety under Trog
  9319 | D:10     | Reached skill level 10 in Armour
  9420 | D:10     | Found an opulent altar of Gozag.
  9862 | D:11     | Noticed a two-headed ogre
  9872 | D:11     | Killed a two-headed ogre
  9927 | D:11     | Noticed a death knight
  9927 | D:11     | Noticed a death knight
  9927 | D:11     | Noticed a skeletal warrior
 10301 | D:10     | Killed a death knight
 10301 | D:10     | Reached skill level 14 in Axes
 10341 | D:11     | Killed a skeletal warrior
 10636 | D:11     | Killed a death knight
 10636 | D:11     | Received a gift from Trog
 10642 | D:11     | Got a dazzling broad axe {god gift}
 11002 | D:11     | Identified the +5 broad axe "Bonogg" {chop, rC++} (Trog
                  | gifted it to you on level 11 of the Dungeon)
 11030 | D:11     | Noticed a green ugly thing
 11040 | D:11     | Killed a green ugly thing
 11481 | D:11     | Killed from afar by a gargoyle

Levels and vault maps discovered:
D:1:      dpeg_arrival_stonehenge_8_columns, layout_rooms, bh_walls_and_bars
D:2:      layout_loops_ring, overflow_temple_1_default
D:3:      layout_loops_ring, uniq_grinder
D:4:      layout_loops_cross, nemelex_xobeh_ov_fountains_minmay,
          lemuel_tele_altar
D:5:      layout_basic, first_ration, uniq_edmund
D:6:      layout_basic, minmay_hollow_rounded_squares
D:7:      black_bear_nest_1, layout_basic, minmay_temple_entry_trees,
          uniq_menkaure
D:8:      layout_cave_pools, david_nohive_1, grunt_dithmenos_smoke_and_mirrors
D:9:      layout_basic, grunt_temple_overflow_order_and_chaos_1,
          gammafunk_temple_overflow_wave, erik_lair_orcish_takeover, erik_orc_2,
          basic_altar, serial_shops, nicolae_shop_trees, nicolae_shop_stone,
          shop, shop, fungi_pond_lemuel, uniq_grum
D:10:     layout_basic, basic_altar, chequers_avenue
D:11:     cheibrodos_tormentor_scu, layout_basic, basic_altar,
          lightli_fourway_metalbox
Temple:   eino_temple_scatter_basement

Skill      XL: |  1  2  3  4  5  6  7  8  9 10 11 |
---------------+----------------------------------+-----
Axes           | 4 5 6 7 9 11 12 14 | 14.5
Armour         | 3 4 5 6 8 9 10 | 10.7
Fighting       | 4 5 6 7 8 9 11 | 11.0
Dodging        | 3 4 6 7 8 9 |  9.9

Action                   |  1- 3 |  4- 6 |  7- 9 | 10-12 || total
-------------------------+-------+-------+-------+-------++-------
Melee: Hand axe          |    70 |    82 |   128 |       ||   280
       Headbutt          |    14 |    14 |    61 |    67 ||   156
       Unarmed           |       |       |     8 |       ||     8
       Battleaxe         |       |       |   141 |    45 ||   186
       Executioner's axe |       |       |       |   282 ||   282
Invok: Berserk           |       |     1 |     2 |     4 ||     7
Evoke: Wand              |       |       |       |     2 ||     2
  Use: Scroll            |       |     2 |    10 |     9 ||    21
       Potion            |       |       |       |     6 ||     6
 Stab: Distracted        |       |       |       |     1 ||     1
  Eat: Chunk             |     1 |     5 |    14 |    18 ||    38
       Ration            |       |       |       |     3 ||     3
Armor: Ring mail         |    21 |    15 |       |       ||    36
       Animal skin       |     1 |       |       |       ||     1
       Chain mail        |       |     1 |    55 |       ||    56
       Plate armour      |       |       |    92 |   240 ||   332
Dodge: Dodged            |    43 |    34 |   154 |   281 ||   512

Table legend:
 A = Non-vault XP
 B = Vault XP
 C = Vault XP percentage of total XP
 D = Non-vault monster count
 E = Vault monster count
 F = Vault count percentage of total count
                 A         B        C        D         E       F
            +---------+---------+-------+---------+---------+-------
      Total |   12766 |    8862 |  41.0 |     237 |      74 |  23.8
            +---------+---------+-------+---------+---------+-------
        D:1 |      46 |       0 |   0.0 |      28 |       0 |   0.0
        D:2 |      48 |       0 |   0.0 |      13 |       0 |   0.0
        D:3 |     225 |     290 |  56.3 |      27 |       1 |   3.6
        D:4 |     357 |       0 |   0.0 |      13 |       0 |   0.0
        D:5 |     645 |     164 |  20.3 |      17 |       1 |   5.6
        D:6 |    1352 |     849 |  38.6 |      33 |      10 |  23.3
        D:7 |    1020 |     298 |  22.6 |      13 |       2 |  13.3
        D:8 |     963 |    1422 |  59.6 |      22 |      19 |  46.3
        D:9 |    1899 |    1964 |  50.8 |      19 |      32 |  62.7
       D:10 |    3596 |     903 |  20.1 |      36 |       1 |   2.7
       D:11 |    2615 |    2972 |  53.2 |      16 |       8 |  33.3
            +---------+---------+-------+---------+---------+-------
